ITL
RICHMOND FLAIRS @ DETROIT X-WINGS
08/19/2025
 
TOP OF THE 1ST
Richmond Flairs batting - Pitching for Detroit X-Wings : LHP José Ramírez
Pitching: LHP José Ramírez
Batting: RHB António Gonzáles 0-0: Called Strike
0-1: Ground out 2-3 (Groundball, 25)
Batting: LHB Sean Nicks 0-0: SINGLE (Groundball, 3D)
Batting: RHB Andrés Lara 0-0: Swinging Strike
0-1: SINGLE (Groundball, 4MD)
Sean Nicks to second
Batting: LHB Barrett Waters 0-0: Ball
1-0: SINGLE (Line Drive, 78S)
Sean Nicks to third
Andrés Lara to second
Runner from 3rd tries for Home, SAFE, throw made home
Andrés Lara to third
Barrett Waters to second
Batting: RHB Jack Ray 0-0: DOUBLE (Groundball, 5L)
Andrés Lara scores
Barrett Waters scores
Batting: RHB Guo-xiu Hsueh 0-0: Called Strike
0-1: Swinging Strike
0-2: Ball
1-2: Ball
2-2: Fly out, F8 (Flyball, 8RM)
Batting: LHB R.J. Courtney 0-0: Called Strike
0-1: Swinging Strike
0-2: Strikes out swinging
Top of the 1st over - 3 run(s), 4 hit(s), 0 error(s), 1 left on base; Richmond 3 - Detroit 0
BOTTOM OF THE 1ST
Detroit X-Wings batting - Pitching for Richmond Flairs : RHP Lorenzo Aguilar
Pitching: RHP Lorenzo Aguilar
Batting: RHB Gary Witt 0-0: Called Strike
0-1: Ball
1-1: Fly out, F8 (Flyball, 89S)
Batting: SHB Felipe Detorres 0-0: Ball
1-0: Ball
2-0: Ball
3-0: Called Strike
3-1: Foul Ball, location: 2F
3-2: Foul Ball, location: 2F
3-2: SINGLE (Groundball, 56)
Batting: RHB Reginaldo Jaconelli 0-0: Called Strike
0-1: Ball
1-1: Foul Ball, location: 2F
1-2: Ball
2-2: SINGLE (Groundball, 6MD)
Felipe Detorres to second
Batting: LHB Gonzalo Trujillo 0-0: Ball
1-0: Swinging Strike
1-1: Foul Ball, location: 2F
1-2: Foul Ball, location: 2F
1-2: Ball
2-2: Foul Ball, location: 2F
2-2: Ball
3-2: Foul Ball, location: 2F
3-2: Base on Balls
Felipe Detorres to third
Reginaldo Jaconelli to second
Batting: RHB Jorge Cora 0-0: Grounds into double play, 5-4-3 (Groundball, 56)
Bottom of the 1st over - 0 run(s), 2 hit(s), 0 error(s), 2 left on base; Richmond 3 - Detroit 0
TOP OF THE 2ND
Richmond Flairs batting - Pitching for Detroit X-Wings : LHP José Ramírez
Batting: RHB Freddy Padilla 0-0: Called Strike
0-1: Ball
1-1: Ball
2-1: Foul Ball, location: 2F
2-2: Strikes out swinging
Batting: LHB Mike MacFadden 0-0: Ground out 4-3 (Groundball, 13)
Batting: RHB António Gonzáles 0-0: Called Strike
0-1: Foul Ball, location: 2F
0-2: Strikes out swinging
Top of the 2nd over - 0 run(s), 0 hit(s), 0 error(s), 0 left on base; Richmond 3 - Detroit 0
BOTTOM OF THE 2ND
Detroit X-Wings batting - Pitching for Richmond Flairs : RHP Lorenzo Aguilar
Batting: RHB Enrique Ramírez 0-0: Ball
1-0: Foul Ball, location: 2F
1-1: Called Strike
1-2: Foul Ball, location: 2F
1-2: SINGLE (Groundball, 4)
Batting: LHB Jeremy Cox 0-0: Ball
1-0: Ball
2-0: Ball
3-0: Base on Balls
Enrique Ramírez to second
Batting: RHB Yoshitsune Kamida 0-0: Called Strike
0-1: Swinging Strike
0-2: Ball
1-2: Grounds into double play, U4-3 (Groundball, 4M)
Enrique Ramírez to third
Batting: SHB Jaime Montés 0-0: Ball
1-0: DOUBLE (Flyball, 78M)
Enrique Ramírez scores
Batting: RHB Gary Witt 0-0: Ball
1-0: Ball
2-0: Ball
3-0: Called Strike
3-1: DOUBLE (Line Drive, 78M)
Jaime Montés scores
Batting: SHB Felipe Detorres 0-0: Called Strike
0-1: Ball
1-1: Foul Ball, location: 2F
1-2: Foul Ball, location: 2F
1-2: SINGLE (Groundball, 6MD) (infield hit)
Gary Witt to third
Batting: RHB Reginaldo Jaconelli 0-0: Fly out, F6 (Line Drive, 6)
Bottom of the 2nd over - 2 run(s), 4 hit(s), 0 error(s), 2 left on base; Richmond 3 - Detroit 2
TOP OF THE 3RD
Richmond Flairs batting - Pitching for Detroit X-Wings : LHP José Ramírez
Batting: LHB Sean Nicks 0-0: Called Strike
0-1: Foul Ball, location: 2F
0-2: Ball
1-2: Ball
2-2: Foul Ball, location: 2F
2-2: Strikes out swinging
Batting: RHB Andrés Lara 0-0: Ball
1-0: Ball
2-0: Ball
3-0: Base on Balls
Batting: LHB Barrett Waters 0-0: Ball
Andrés Lara is caught stealing 2nd base
1-0: Ball
2-0: Ground out 4-3 (Groundball, 34D)
Top of the 3rd over - 0 run(s), 0 hit(s), 0 error(s), 0 left on base; Richmond 3 - Detroit 2
BOTTOM OF THE 3RD
Detroit X-Wings batting - Pitching for Richmond Flairs : RHP Lorenzo Aguilar
Batting: LHB Gonzalo Trujillo 0-0: Ball
1-0: Ball
2-0: Fly out, F7 (Flyball, 7M)
Batting: RHB Jorge Cora 0-0: Fly out, F3 (Popup, 3DF)
Batting: RHB Enrique Ramírez 0-0: Foul Ball, location: 2F
0-1: Called Strike
0-2: Ball
1-2: SINGLE (Groundball, 56D)
Batting: LHB Jeremy Cox Pickoff Throw to First - Error! E1
Enrique Ramírez to second
0-0: Fly out, F6 (Line Drive, 6)
Bottom of the 3rd over - 0 run(s), 1 hit(s), 1 error(s), 1 left on base; Richmond 3 - Detroit 2
TOP OF THE 4TH
Richmond Flairs batting - Pitching for Detroit X-Wings : LHP José Ramírez
Batting: RHB Jack Ray 0-0: Called Strike
0-1: Ball
1-1: Called Strike
1-2: Ball
2-2: Foul Ball, location: 2F
2-2: SINGLE (Groundball, 6MD)
Batting: RHB Guo-xiu Hsueh 0-0: Ball
1-0: Called Strike
Jack Ray is caught stealing 2nd base
1-1: Foul Ball, location: 2F
1-2: Strikes out swinging
Batting: LHB R.J. Courtney 0-0: Ball
1-0: Ball
2-0: Called Strike
2-1: Foul Ball, location: 2F
2-2: Ground out 4-3 (Groundball, 4)
Top of the 4th over - 0 run(s), 1 hit(s), 0 error(s), 0 left on base; Richmond 3 - Detroit 2
BOTTOM OF THE 4TH
Detroit X-Wings batting - Pitching for Richmond Flairs : RHP Lorenzo Aguilar
Batting: RHB Yoshitsune Kamida 0-0: Ball
1-0: Fly out, F4 (Popup, 34D)
Batting: SHB Jaime Montés 0-0: Called Strike
0-1: Ball
1-1: Ball
2-1: SOLO HOME RUN (Flyball, 9D), Distance : 385 ft
Batting: RHB Gary Witt 0-0: Ball
1-0: Foul Ball, location: 2F
1-1: Ground out 6-3 (Groundball, 6M)
Batting: SHB Felipe Detorres 0-0: Ball
1-0: Fly out, F7 (Flyball, 7S)
Bottom of the 4th over - 1 run(s), 1 hit(s), 0 error(s), 0 left on base; Richmond 3 - Detroit 3
TOP OF THE 5TH
Richmond Flairs batting - Pitching for Detroit X-Wings : LHP José Ramírez
Batting: RHB Freddy Padilla 0-0: DOUBLE (Flyball, 89M)
Batting: LHB Mike MacFadden 0-0: Called Strike
0-1: Ground out 1-3 (Groundball, 15)
Batting: RHB António Gonzáles 0-0: Ball
1-0: Foul Ball, location: 2F
1-1: Ball
2-1: Ball
3-1: Base on Balls
Batting: LHB Sean Nicks 0-0: Called Strike
0-1: Foul Ball, location: 2F
0-2: Grounds into double play, U6-3 (Groundball, 6M)
Top of the 5th over - 0 run(s), 1 hit(s), 0 error(s), 1 left on base; Richmond 3 - Detroit 3
BOTTOM OF THE 5TH
Detroit X-Wings batting - Pitching for Richmond Flairs : RHP Lorenzo Aguilar
Batting: RHB Reginaldo Jaconelli 0-0: Ball
1-0: Foul Ball, location: 2F
1-1: Foul Ball, location: 2F
1-2: Ball
2-2: Strikes out swinging
Batting: LHB Gonzalo Trujillo 0-0: Ball
1-0: SINGLE (Groundball, 56D)
Batting: RHB Jorge Cora 0-0: Ball
1-0: Foul Ball, location: 2F
1-1: TRIPLE (Line Drive, 9LS)
Gonzalo Trujillo scores
Pitching: RHP Hyeong-uk Yi
Batting: RHB Enrique Ramírez 0-0: Ball
1-0: Called Strike
1-1: DOUBLE (Flyball, 89XD)
Jorge Cora scores
Batting: LHB Jeremy Cox 0-0: Called Strike
0-1: Foul Ball, location: 2F
0-2: Foul Ball, location: 2F
0-2: Ball
1-2: Ball
2-2: Ball
3-2: Base on Balls
Batting: RHB Yoshitsune Kamida 0-0: Called Strike
0-1: Ball
1-1: Ball
2-1: Ball
3-1: Foul Ball, location: 2F
3-2: Fly out, F9 (Line Drive, 89M)
Batting: SHB Jaime Montés 0-0: SINGLE (Groundball, 3D)
Enrique Ramírez to third
Jeremy Cox to second
Runner from 3rd tries for Home, throw and OUT!
Bottom of the 5th over - 2 run(s), 4 hit(s), 0 error(s), 2 left on base; Richmond 3 - Detroit 5
TOP OF THE 6TH
Richmond Flairs batting - Pitching for Detroit X-Wings : LHP José Ramírez
Batting: RHB Andrés Lara 0-0: Ground out U3 (Groundball, 3S)
Batting: LHB Barrett Waters 0-0: Ball
1-0: SINGLE (Line Drive, 34)
Batting: RHB Jack Ray 0-0: Called Strike
0-1: Called Strike
Barrett Waters is caught stealing 2nd base
0-2: Ground out 5-3 (Groundball, 56S)
Top of the 6th over - 0 run(s), 1 hit(s), 0 error(s), 0 left on base; Richmond 3 - Detroit 5
BOTTOM OF THE 6TH
Detroit X-Wings batting - Pitching for Richmond Flairs : RHP Hyeong-uk Yi
Batting: RHB Gary Witt 0-0: Ball
1-0: Swinging Strike
1-1: SINGLE (Flyball, 7S)
Batting: SHB Felipe Detorres 0-0: Ball
1-0: Called Strike
1-1: Ball
2-1: Ball
Gary Witt steals 2nd base
3-1: SINGLE (Line Drive, 56D)
Gary Witt to third
Runner from 3rd tries for Home, throw and OUT!
Batting: RHB Reginaldo Jaconelli 0-0: Called Strike
0-1: Ball
1-1: Foul Ball, location: 2F
1-2: Ball
2-2: Strikes out swinging
Batting: LHB Gonzalo Trujillo 0-0: Ball
1-0: Foul Ball, location: 2F
1-1: Swinging Strike
1-2: Strikes out looking
Bottom of the 6th over - 0 run(s), 2 hit(s), 0 error(s), 1 left on base; Richmond 3 - Detroit 5
TOP OF THE 7TH
Richmond Flairs batting - Pitching for Detroit X-Wings : LHP José Ramírez
Batting: RHB Guo-xiu Hsueh 0-0: Ball
1-0: Ground out 5-3 (Groundball, 56)
Batting: LHB R.J. Courtney 0-0: Ball
1-0: Ball
2-0: Called Strike
2-1: Ball
3-1: Swinging Strike
3-2: Strikes out swinging
Batting: RHB Freddy Padilla 0-0: Foul Ball, location: 2F
0-1: Foul Ball, location: 2F
0-2: Ball
1-2: Ground out 4-3 (Groundball, 4)
Top of the 7th over - 0 run(s), 0 hit(s), 0 error(s), 0 left on base; Richmond 3 - Detroit 5
BOTTOM OF THE 7TH
Detroit X-Wings batting - Pitching for Richmond Flairs : RHP Hyeong-uk Yi
Batting: RHB Jorge Cora 0-0: Ball
1-0: Swinging Strike
1-1: Ball
2-1: Ball
3-1: Foul Ball, location: 2F
3-2: Strikes out swinging
Pitching: RHP Luis Bruno
Batting: RHB Enrique Ramírez 0-0: Swinging Strike
0-1: Ball
1-1: Ground out 5-3 (Groundball, 56S)
Batting: LHB Jeremy Cox 0-0: Ball
1-0: Called Strike
1-1: Called Strike
Single, Error in OF, E7, batter to second base
Batting: RHB Yoshitsune Kamida 0-0: Ball
1-0: Foul Ball, location: 2F
1-1: Ball
2-1: Ground out 5-3 (Groundball, 56)
Bottom of the 7th over - 0 run(s), 1 hit(s), 1 error(s), 1 left on base; Richmond 3 - Detroit 5
TOP OF THE 8TH
Richmond Flairs batting - Pitching for Detroit X-Wings : LHP José Ramírez
Pitching: RHP León Gómez
Batting: LHB Mike MacFadden 0-0: Ground out 6-3 (Groundball, 6M)
Batting: RHB António Gonzáles 0-0: Ball
1-0: Ball
2-0: Ball
3-0: Base on Balls
Pitching: RHP Alejandro Collazo
Batting: LHB Sean Nicks 0-0: Ball
1-0: Fly out, F7 (Flyball, 78D)
Pitching: RHP Sam MacIntyre
Batting: RHB Andrés Lara 0-0: Fly out, F8 (Flyball, 78M)
Top of the 8th over - 0 run(s), 0 hit(s), 0 error(s), 1 left on base; Richmond 3 - Detroit 5
BOTTOM OF THE 8TH
Detroit X-Wings batting - Pitching for Richmond Flairs : RHP Luis Bruno
Batting: SHB Jaime Montés 0-0: Called Strike
0-1: Foul Ball, location: 2F
0-2: Strikes out swinging
Batting: RHB Gary Witt 0-0: Foul Ball, location: 2F
0-1: Ball
1-1: Ball
2-1: Fly out, F8 (Flyball, 89D)
Batting: SHB Felipe Detorres 0-0: Ball
1-0: Ground out 2-3 (Groundball, 25)
Bottom of the 8th over - 0 run(s), 0 hit(s), 0 error(s), 0 left on base; Richmond 3 - Detroit 5
TOP OF THE 9TH
Richmond Flairs batting - Pitching for Detroit X-Wings : RHP Sam MacIntyre
Pitching: RHP Bernardo Hernández
Batting: LHB Barrett Waters 0-0: Called Strike
0-1: Fly out, F8 (Flyball, 8LM)
Batting: RHB Jack Ray 0-0: Called Strike
0-1: Fly out, F8 (Flyball, 8LD)
Batting: RHB Guo-xiu Hsueh 0-0: Called Strike
0-1: Called Strike
0-2: Fly out, F2 (Popup, 2RF)
Top of the 9th over - 0 run(s), 0 hit(s), 0 error(s), 0 left on base; Richmond 3 - Detroit 5
This league is powered by Out of the Park Baseball, the baseball management simulation game for PC, Mac and Linux
Tuesday, August 2nd, 2016 - OOTP Baseball 16.8 Build 38